 Dungeon Crawl Stone Soup version 0.31-a0-344-gd109795599 (webtiles) character file.

Game seed: 17160649988450783942

4 GordonOverkill the Sneak (level 1, -1/18 HPs)
             Began as a Mummy Delver on July 22, 2023.
             Slain by an ogre
             ... wielding a +0 giant club
              (8 damage)
             ... on level 4 of the Dungeon.
             The game lasted 00:01:38 (162 turns).

GordonOverkill the Sneak (Mummy Delver)              Turns: 162, Time: 00:01:38

Health: -1/18      AC: 10    Str: 15    XL:     1   Next: 58%
Magic:  1/1        EV: 11    Int:  9    God:
Gold:   13         SH:  0    Dex: 13    Spells: 0/0 levels left

rFire   x . .        g - +3 mace (protect)
rCold   + . .        (no shield)
rNeg    + + +        b - +0 leather armour
rPois   ∞            (no helmet)
rElec   .            (no cloak)
rCorr   .            (no gloves)
SInv    .            (no boots)
Will    .....        (no amulet)
Stlth   ++           (no ring)
HPRegen 0.23/turn    (no ring)
MPRegen 0.07/turn

%: faith
@: under a protective aura
A: cold resistance 1, negative energy resistance 3, torment resistance 2, heat
vulnerability 1, no potions, faith
a: no special abilities


You were on level 4 of the Dungeon.
You visited 1 branch of the dungeon, and saw 3 of its levels.

You collected 13 gold pieces.

Inventory:

Hand Weapons
 a - a +0 spear
 g - a +3 mace of protection (weapon)
Armour
 b - a +0 leather armour (worn)
Wands
 f - a wand of digging (3)
Scrolls
 c - a scroll of fog
 e - a scroll of fear


   Skills:
 + Level 3.0 Fighting
 + Level 0.1 Maces & Flails
 - Level 1.5 Polearms
 - Level 1.5 Dodging
 + Level 4.1 Stealth
 + Level 0.4 Spellcasting
 + Level 0.2 Evocations


You couldn't memorise any spells.
You didn't know any spells.
Your spell library was empty.

Dungeon Overview and Level Annotations

Branches:
Dungeon (6/15)             Temple (0/1) D:6

Altars:

Annotations:
D:5 exclusions: downstairs, iguana and scorpion


Innate Abilities, Weirdness & Mutations

You are immune to poison.
Your flesh is cold resistant. (rC+)
You are immune to negative energy. (rN+++)
You are immune to unholy pain and torment.
You are vulnerable to heat. (rF-)
You do not drink.
You have a special connection with the divine. (Faith)


Message History

Your +3 mace of protection hums with potential!
g - a +3 mace of protection (weapon)
You now have 13 gold pieces.
Okay, then.
As you read the scroll of revelation, it crumbles to dust.
You feel aware of your surroundings.
You sensed 1 altar, and 1 shop/portal.
A worm comes into view.
The worm closely misses you.
You sock the worm!
Your weapon exudes an aura of protection.
You punch the worm, but do no damage.
The worm is heavily wounded.
The worm bites you but does no damage.
You sock the worm!
The worm is almost dead.
The worm bites you but does no damage.
You sock the worm!
You kill the worm!
No target in view!
No target in view!
You see here a worm corpse.
You hear the slow rusting of a drain nearby.
You see here a worm corpse.
Found a leather armour.
You see here a +0 leather armour.
Found a stone staircase leading up.
There is a stone staircase leading up here.
An ogre comes into view. It is wielding a +0 giant club.
The ogre shouts!
You hear a shout!
The ogre hits you with a +0 giant club!
Ouch! That really hurt!
* * * LOW HITPOINT WARNING * * *
You are too injured to fight recklessly!
You are too injured to fight recklessly!
You are too injured to fight recklessly!
You sock the ogre!
Your weapon exudes an aura of protection.
The ogre is moderately wounded.
The ogre hits you with a +0 giant club!
You die...

****,,* **,*#,#***** *****,*,*
,,~~*,* *,,.#.,,,,* **,**
*****,* ***#.#***,* *,* *,**,*
#.# *,* *,* *,,,,* #.# *,* *,*
****** ##.## *,* *,*
##############...##*,* *,*
...[..........<...#*,*********,*
##############..@.#*,*,,,,,<,,,*
####*** ##.#O#*,*,*********
.....,** #.#.#*,*,* .....,,*
#....,,,,** #.##.,,* ###.##,,,,*
,,.#*,,* *.#****,***** ,*,.#,,*
*..,,,,,,,,,* *,*,#,**
*##*,,,,***,** ,*,,,,*
*,*****,,,**


You could see an ogre.

Vanquished Creatures
  A worm (D:4)
  A ball python (D:4)
2 creatures vanquished.

Notes
Turn   | Place    | Note
-------+----------+-------------------------------------------
     0 | D:5      | GordonOverkill the Mummy Delver began the quest for the
                  | Orb.
     0 | D:5      | Reached XP level 1. HP: 18/18 MP: 1/1
     8 | D:5      | Noticed an iguana
    27 | D:6      | Found a staircase to the Ecumenical Temple.
    29 | D:6      | Noticed a hound
    46 | D:5      | Noticed a scorpion
    50 | D:5      | Noticed an iguana
   157 | D:4      | Noticed an ogre
   162 | D:4      | Slain by an ogre

Illustrated notes

Levels and vault maps discovered:
D:4:      layout_loops_ring, mainiacjoe_overflow_alcove_4,
          gammafunk_ghost_nasty_kobolds, gup_sewer_entry_spiral,
          minmay_box_of_dots
D:5:      kb_forest_paths, layout_basic, nicolae_tso_swordbearing_angel,
          minmay_misc_feat_rows, lightli_minifort
D:6:      layout_gridville, hellmonk_okawaru_the_only_friend_you_need,
          minmay_temple_entry_trees, gammafunk_ghost_smash

Action                     || total
---------------------------++-------
  Melee: Mace              ||     4
         Spear             ||     2
         Punch             ||     1
    Use: Scroll            ||     1
   Stab: Sleeping          ||     1
 Armour: Leather armour    ||     2
  Dodge: Dodged            ||     2

Table legend: (Time is in decaauts)
 A = Elapsed time spent in this place.
 B = Non-inter-level travel time spent in this place.
 C = Inter-level travel time spent in this place.
 D = Time resting spent in this place.
 E = Time spent auto-exploring this place.
 F = Levels seen in this place.
 G = Mean time per level.
                   A        B        C        D        E       F      G
               +--------+--------+--------+--------+--------+-----+--------+
         Total |    162 |    162 |      0 |      0 |      0 |   3 |   54.0 |
       Dungeon |    162 |    162 |      0 |      0 |      0 |   3 |   54.0 |
               +--------+--------+--------+--------+--------+-----+--------+

Top non-repeatable levels by time:
     D:4: 93 daAuts
     D:5: 53 daAuts
     D:6: 14 daAuts
